Map: Fracture LE

Players

DnS - Winner!

  • Race: Protoss Protoss
  • Spawn Location: 5:00

Future

  • Race: Terran Terran
  • Spawn Location: 11:00

Event: WCS Montreal 2018

VOD

Have the link to the VOD?

Description

Time

  • Played on: Sept. 7, 2018, 12:51 p.m.
  • Length: 7:09

All games in this series

Show
View Real Time Build Order
Export as new Build Order

DnS Protoss - Winner!

Build Orders: 1 Gate Expand 

Get SALT Encoding   

  12  0:00  Probe  
  13  0:12  Probe  
  14  0:16  Pylon  
  14  0:24  Probe  
  15  0:32  Probe  
  15  0:38  Gateway  
  15  0:40  Probe  
  16  0:47  Assimilator  
  17  0:51  Probe  
  18  1:03  Probe  
  19  1:15  Probe  
  20  1:25  Cybernetics Core  
  20  1:39  Probe  
  21  1:41  Nexus  
  21  1:44  Pylon  
  21  1:51  Stalker  
  21  1:52  Assimilator  
  20  1:55  Probe  
  23  2:07  Probe  
  24  2:11  Warp Gate  
  24  2:17  Shield Battery  
  24  2:20  Stalker, Probe  
  27  2:33  Shield Battery  
  28  2:37  Probe  
  28  2:46  Stalker  
  28  2:49  Probe  
  31  3:09  Shield Battery  
  29  3:16  Stalker  
  30  3:24  Robotics Facility  
  30  3:28  Probe  
  30  3:32  Probe  
  32  3:40  Probe  
  33  3:44  Probe  
  34  3:52  Probe  
  35  3:56  Probe  
  36  4:03  Immortal, Gateway  
  36  4:04  Probe  
  36  4:08  Probe  
  38  4:16  Probe  
  43  4:18  Sentry  
  43  4:20  Probe  
  46  4:26  Pylon  
  46  4:35  Warp Prism  
  46  4:42  Gateway  
  46  4:44  Pylon, Probe  
  49  4:53  Probe  
  49  4:55  Sentry  
  49  4:57  Probe  
  53  5:03  Pylon, Sentry  
  53  5:04  Observer  
  53  5:05  Pylon, Probe  
  56  5:12  Probe, Assimilator  
  58  5:17  Probe  
  58  5:20  Assimilator  
  59  5:24  Probe  
  60  5:30  Immortal  
  60  5:31  Adept x2  
  68  5:49  Adept  
  68  5:59  Adept x2  
  68  6:07  Immortal  
  60  6:14  Gateway  
  60  6:16  Gateway  
  64  6:18  Gateway  
  64  6:21  Stalker  
  64  6:22  Stalker  
  68  6:27  Stalker  
  70  6:49  Adept x2  
Show
View Real Time Build Order
Export as new Build Order

Future Terran 

Build Orders:  

Get SALT Encoding   

  12  0:00  SCV  
  13  0:12  SCV  
  14  0:19  Supply Depot  
  14  0:24  SCV  
  15  0:42  Barracks  
  16  0:51  Refinery  
  16  0:55  Barracks  
  15  0:58  SCV  
  16  1:10  SCV  
  17  1:22  SCV  
  18  1:31  Marine  
  19  1:34  Orbital Command  
  19  1:43  Barracks Tech Lab  
  19  1:47  Supply Depot  
  19  1:51  Marine  
  20  2:02  Marauder, Concussive Shells  
  20  2:04  SCV  
  23  2:09  Marine  
  23  2:14  Supply Depot  
  24  2:17  SCV  
  25  2:24  Marauder  
  25  2:27  Marine  
  28  2:31  SCV  
  29  2:45  Marauder, Barracks Reactor  
  29  2:47  SCV  
  29  2:51  Bunker  
  32  2:59  SCV  
  32  3:06  Marine  
  32  3:12  SCV  
  30  3:13  Factory  
  29  3:23  Marine x2  
  29  3:24  SCV  
  29  3:26  Supply Depot  
  32  3:28  Refinery  
  32  3:29  Marauder  
  34  3:37  SCV  
  32  3:49  SCV  
  32  3:52  Marauder, Marine x2  
  36  4:02  Starport  
  37  4:04  Factory Tech Lab  
  37  4:10  Marine x2  
  37  4:13  SCV  
  39  4:21  Bunker  
  39  4:28  Marine x2  
  39  4:30  Siege Tank  
  39  4:31  Supply Depot  
  44  4:32  Marine  
  45  4:45  Marine  
  45  4:46  Marine  
  45  4:52  Medivac  
  49  4:55  Marine  
  50  5:01  Supply Depot  
  50  5:03  Marine x2  
  52  5:09  Siege Tank  
  55  5:23  Marine x3  
  58  5:34  Viking  
  60  5:40  Marine x3  
  63  5:54  Siege Tank  
  63  5:58  Marine  
  63  6:02  Marine  
  57  6:10  Marine  
  49  6:16  Marine  
  50  6:20  Marine  
  51  6:27  Siege Tank  
  51  6:28  Bunker, Marine  
  55  6:34  Marine  
Tags
 
Add a new tag
Caveats
  • Supply blocks, unpowered buildings, or Contaminate may cause inaccurate times.
  • Supply counts are checked every 10 seconds.